 Dungeon Crawl Stone Soup version 0.28-a0-697-g47f3eba078 (webtiles) character file.

Game seed: 7980401454162635050

335 avis the Ruffian (level 6, 0/51 HPs)
             Began as a Demigod Transmuter on Oct 24, 2021.
             Succumbed to a water moccasin's poison
             ... on level 4 of the Dungeon.
             The game lasted 00:19:15 (4059 turns).

avis the Ruffian (Demigod Transmuter)               Turns: 4059, Time: 00:19:17

Health: 0/51       AC:  6    Str: 15    XL:     6   Next: 6%
Magic:  9/11       EV: 12    Int: 19    God:
Gold:   18         SH:  0    Dex: 14    Spells: 4/8 levels left

rFire   . . .      SeeInvis +     - Unarmed
rCold   . . .      Faith    .   (no shield)
rNeg    . . .      Spirit   .   a - +0 robe
rPois   .          Reflect  .   h - +2 helmet {SInv}
rElec   .          Harm     .   (no cloak)
rCorr   .          Rampage  .   (no gloves)
Will    .....                   j - +0 pair of boots
Stlth   +.........              (no amulet)
HPRegen 0.17/turn               (no ring)
MPRegen 0.12/turn               (no ring)

@: mighty, lethally poisoned (0 -> -8), flying
A: high mp 1, forlorn
a: no special abilities


You were on level 4 of the Dungeon.
You visited 1 branch of the dungeon, and saw 4 of its levels.

You collected 58 gold pieces.
You spent 40 gold pieces at shops.

Inventory:

Hand Weapons
 r - a +2 flail of holy wrath
Missiles
 b - 87 stones
 c - 45 sling bullets
 n - 39 bolts
 o - 5 poisoned darts
 t - 42 arrows
Armour
 a - a +0 robe (worn)
 g - a scarf of harm
 h - a +2 helmet of see invisible (worn)
 j - a +0 pair of boots (worn)
Scrolls
 d - a scroll of immolation {unknown}
 i - a scroll of teleportation {unknown}
 k - a scroll of torment
 p - a scroll of enchant armour {unknown}
 s - a scroll of magic mapping {unknown}
Potions
 f - 2 potions of flight
 l - a potion of magic {unknown}
 m - 3 potions of brilliance
 q - a potion of ambrosia {unknown}


   Skills:
 - Level 3.0 Fighting
 - Level 1.7 Dodging
 * Level 5.5 Unarmed Combat
 - Level 1.7 Spellcasting
 - Level 2.0 Transmutations
 - Level 1.0 Poison Magic


You had 4 spell levels left.
You knew the following spells:

 Your Spells              Type           Power      Damage    Failure   Level
a - Beastly Appendage     Tmut           18%        N/A       8%          1
p - Spider Form           Tmut/Pois      3%         N/A       28%         3

Your spell library contained the following spells:

 Spells                   Type           Power      Damage    Failure   Level
 Wereblood                Tmut           9%         N/A       12%         2
 Ice Form                 Ice/Tmut       5%         N/A       75%         4
 Borgnjor's Revivificati  Necr           0%         N/A       100%        8
 Necromutation            Tmut/Necr      2%         N/A       100%        8
 Chain Lightning          Conj/Air       0%         2d1       100%        9
 Death's Door             Necr           0%         N/A       100%        9
 Fire Storm               Conj/Fire      0%         6d1       100%        9
 Shatter                  Erth           0%         3d5*      100%        9


Dungeon Overview and Level Annotations

Branches:
Dungeon (4/15)
 Temple: D:4-7

Shops:
D:2 !


Innate Abilities, Weirdness & Mutations

Your attributes grow dramatically as you level up.
You have an increased reservoir of magic. (+10% MP)
You shall have no god before yourself.


Message History

The water moccasin is moderately wounded.
You feel sick.
The water moccasin bites you but does no damage.
The water moccasin misses you.
You closely miss the water moccasin. You headbutt the water moccasin!
The water moccasin is heavily wounded.
You feel sick. The water moccasin closely misses you.
You barely miss the water moccasin.
The water moccasin is heavily wounded.
You feel sick. The water moccasin misses you.
You barely miss the water moccasin.
The water moccasin is heavily wounded.
You feel sick. The water moccasin bites you!
* * * LOW HITPOINT WARNING * * *
You are lethally poisoned!
The water moccasin poisons you! The water moccasin barely misses you.
You feel better. The water moccasin bites you.
You are poisoned.
The water moccasin poisons you!
You hit the water moccasin. You claw the water moccasin.
You headbutt the water moccasin.
The water moccasin is almost dead.
You feel very sick. The water moccasin bites you!
* * * LOW HITPOINT WARNING * * *
Your magical contamination has completely faded away.
It was a potion of flight.
You feel very buoyant.
You fly up into the air.
* * * LOW HITPOINT WARNING * * *
You feel sick. The water moccasin barely misses you.
The water moccasin bites you.
* * * LOW HITPOINT WARNING * * *
It was a potion of might.
You feel very mighty all of a sudden.
Your horns disappear.
Your talons disappear.
Your +2 helmet of see invisible unmelds from your body.
Your +0 pair of boots unmelds from your body.
You feel perceptive.
You die...

#### #....#....#
## #
##...#...##..## #
.#...#...#.S..# #
#.#...#...#.#..##
# #
#..#.#..#.##..# #
#..#.#..#.(#..# #
#..#.#..####..# #
..##.##..##S.#
..#...#...@..#
##...##....##
#.... ##..## ..#.
#### . ## !


You could see a water moccasin.

Vanquished Creatures
  Grinder (D:3)
  Terence (D:2)
  A hound zombie (D:3)
  Robin (D:2)
  2 adders
  3 dart slugs
  2 orcs (D:3)
  A ball python (D:2)
  6 bats
  4 endoplasms
  4 giant cockroaches
  10 goblins
  5 hobgoblins
  8 jackals
  5 kobolds
  A quokka (D:2)
  4 frilled lizards
  4 rats
63 creatures vanquished.

Notes
Turn   | Place    | Note
-------+----------+-------------------------------------------
     0 | D:1      | avis the Demigod Transmuter began the quest for the Orb.
     0 | D:1      | Reached XP level 1. HP: 15/15 MP: 5/5
   186 | D:1      | Reached skill level 3 in Unarmed Combat
   486 | D:1      | Reached XP level 2. HP: 22/22 MP: 5/7
  1365 | D:2      | Noticed Terence
  1378 | D:2      | Reached skill level 4 in Unarmed Combat
  1378 | D:2      | Reached XP level 3. HP: 14/27 MP: 6/8
  1534 | D:2      | Learned a level 3 spell: Spider Form
  1636 | D:2      | Found Feukhy's Distillery.
  1829 | D:2      | Noticed Robin
  1855 | D:2      | Killed Robin
  1856 | D:2      | Reached skill level 1 in Poison Magic
  1856 | D:2      | Reached skill level 1 in Fighting
  2547 | D:2      | Killed Terence
  2548 | D:2      | Reached XP level 4. HP: 25/36 MP: 6/9
  3103 | D:3      | Noticed Grinder
  3120 | D:3      | Paralysed by Grinder for 3 turns
  3136 | D:3      | Killed Grinder
  3137 | D:3      | Reached skill level 5 in Unarmed Combat
  3137 | D:3      | Reached XP level 5. HP: 12/45 MP: 3/10
  3376 | D:3      | Reached XP level 6. HP: 45/51 MP: 11/11
  3722 | D:2      | Bought a potion of curing for 30 gold pieces
  3722 | D:2      | Bought a potion of degeneration for 10 gold pieces
  4040 | D:4      | Noticed a water moccasin
  4058 | D:4      | HP: 2/51 [water moccasin (2)]
  4059 | D:4      | Succumbed to a water moccasin's poison

Illustrated notes

Levels and vault maps discovered:
D:1:      lightli_arrival_lavapool, layout_basic,
          ebering_ecumenical_altar_petrified
D:2:      layout_loops_ring, serial_shops, shop, uniq_robin, uniq_terence
D:3:      layout_rooms, grunt_temple_overflow_open, grunt_ministairs_8,
          uniq_grinder
D:4:      layout_basic, gammafunk_ghost_necromancy, minmay_puff

Skill      XL: |  1  2  3  4 |
---------------+-------------+-----
Unarmed Combat | 3 4 5 |  5.5
Transmutations | 2 |  2.0
Poison Magic   | 1 |  1.0
Fighting       | 2 3 |  3.0
Dodging        | |  1.7
Spellcasting   | |  1.7

Action                   |  1- 3 |  4- 6 || total
-------------------------+-------+-------++-------
Melee: Unarmed           |   118 |    60 ||   178
       Kick              |    19 |    10 ||    29
       Headbutt          |    13 |     6 ||    19
       Punch             |       |     1 ||     1
 Cast: Beastly Appendage |    37 |    18 ||    55
       Spider Form       |     1 |     2 ||     3
  Use: Potion            |       |     3 ||     3
       Scroll            |       |     2 ||     2
 Stab: Sleeping          |       |     1 ||     1
Armor: Robe              |    15 |     9 ||    24
Dodge: Dodged            |    58 |    38 ||    96

Table legend: (Time is in decaauts)
 A = Elapsed time spent in this place.
 B = Non-inter-level travel time spent in this place.
 C = Inter-level travel time spent in this place.
 D = Time resting spent in this place.
 E = Time spent auto-exploring this place.
 F = Levels seen in this place.
 G = Mean time per level.
                   A        B        C        D        E       F      G
               +--------+--------+--------+--------+--------+-----+--------+
         Total |   4055 |   3711 |    344 |   1534 |   1424 |   4 | 1013.8 |
       Dungeon |   4055 |   3711 |    344 |   1534 |   1424 |   4 | 1013.8 |
               +--------+--------+--------+--------+--------+-----+--------+

Top non-repeatable levels by time:
     D:2: 1819 daAuts
     D:1: 1317 daAuts
     D:3: 848 daAuts
     D:4: 70 daAuts
